 Dungeon Crawl Stone Soup version 0.21.1-1-g345015f (webtiles) character file.

35 tidbits the Grave Robber (level 3, 14/37 HPs)
             Began as a Gnoll Necromancer on June 26, 2018.
             Quit the game on level 3 of the Dungeon.
             The game lasted 00:02:17 (208 turns).

tidbits the Grave Robber (Gnoll Necromancer)         Turns: 208, Time: 00:02:18

Health: 14/37      AC: 21    Str: 10    XL:     3   Next: 35%
Magic:  3/9        EV:  2    Int: 18    God:
Gold:   49         SH:  7    Dex: 15    Spells: 11/12 levels left

rFire    . . .     SeeInvis .   (no weapon)
rCold    . . .     Gourm    .   e - +0 shield
rNeg     + + +     Faith    .   (armour currently unavailable)
rPois    +         Spirit   .   (helmet currently unavailable)
rElec    .         Reflect  .   (cloak currently unavailable)
rCorr    .         Harm     .   (gloves currently unavailable)
MR       .....     NoTele   +   (boots currently unavailable)
Stlth    +++.......             (no amulet)
HPRegen  0.12/turn              (no ring)
MPRegen  0.11/turn              (no ring)

@: tree-form
A: distributed training, strong nose
a: no special abilities


You were on level 3 of the Dungeon.
You were not hungry.
You were a tree.
You visited 1 branch of the dungeon, and saw 3 of its levels.

You collected 49 gold pieces.

Inventory:

Hand Weapons
 a - a +0 dagger
Armour
 e - a +0 shield (worn)
 h - a +0 robe (melded)
Scrolls
 d - a scroll of teleportation {unknown}
 f - a scroll of amnesia {unknown}
 g - a scroll of enchant armour {unknown}
 j - a scroll of identify {unknown}
Books
 b - a book of Necromancy

   Spells                             Type                      Level
   a - Pain                           Necromancy                   1
   b - Animate Skeleton               Necromancy                   1
   c - Vampiric Draining              Necromancy                   3
   d - Regeneration                   Charms/Necromancy            3
   e - Animate Dead                   Necromancy                   4
   f - Borgnjor's Vile Clutch         Necromancy/Earth             5
Comestibles
 c - a ration


   Skills:
 + Level 0.7 Fighting
 + Level 0.7 Short Blades
 + Level 0.7 Long Blades
 + Level 0.7 Axes
 + Level 0.7 Maces & Flails
 + Level 0.7 Polearms
 + Level 0.7 Staves
 + Level 0.7 Slings
 + Level 0.7 Bows
 + Level 0.7 Crossbows
 + Level 0.7 Throwing
 + Level 0.7 Armour
 + Level 4.5 Dodging
 + Level 4.1 Stealth
 + Level 0.7 Shields
 + Level 0.7 Unarmed Combat
 + Level 5.0 Spellcasting
 + Level 0.5 Conjurations
 + Level 0.5 Hexes
 + Level 0.5 Charms
 + Level 0.5 Summonings
 + Level 7.1 Necromancy
 + Level 0.5 Translocations
 + Level 0.5 Transmutations
 + Level 0.5 Fire Magic
 + Level 0.5 Ice Magic
 + Level 0.5 Air Magic
 + Level 0.5 Earth Magic
 + Level 0.5 Poison Magic
 + Level 0.9 Invocations
 + Level 0.7 Evocations


You had 11 spell levels left.
You knew the following spells:

 Your Spells              Type           Power        Failure   Level  Hunger
a - Pain                  Necr           ####         4%          1    None


Dungeon Overview and Level Annotations

Branches:
Dungeon (3/15)

Altars:

Annotations:
D:3 Robin, Sigmund


Innate Abilities, Weirdness & Mutations

Your experience applies equally to all skills.
((You have very sharp teeth.))
Your uncanny sense of smell can sniff out nearby items.


Message History

The hobgoblin writhes in agony!
You kill the hobgoblin!
An orc wizard comes into view. It is wielding a dagger.
A rat comes into view.
An adder comes into view.
Found 2 scrolls labeled ZIWNIN WAIPSI.
A goblin comes into view.
The goblin shouts!
A hobgoblin comes into view. It is wielding a club.
It was a potion of flight.
You feel very buoyant.
You fly up into the air.
The hobgoblin moves out of view.
It was a potion of lignification.
You turn into a tree.
Your +0 robe melds into your body.
Your roots penetrate the ground.
What are your orders? t - Creak!
Orders for allies: a - Attack new target. r - Retreat! s - Stop attacking. g - Guard the area. f - Follow me.
Anything else - Cancel.
You creak for attention!
You hear a shout! x4; You hear an angry hiss.
You hear a shout! x2
A goblin comes into view. It is wielding a dagger.
Wield which item (- for none, * to show all)? (? for menu, Esc to quit)
You are now empty-handed.
What are your orders? t - Creak!
Orders for allies: a - Attack new target. r - Retreat! s - Stop attacking. g - Guard the area. f - Follow me.
Anything else - Cancel.
You creak for attention!
You hear a shout!
Really attack barehanded?
You barely miss the rat. The rat bites you but does no damage.
You hit the goblin.
The goblin is heavily wounded.
The goblin hits you but does no damage. The rat bites you but does no damage.
You barely miss the goblin.
The goblin is heavily wounded.
The goblin hits you but does no damage. The rat bites you but does no damage.
Robin of the Strong Arm comes into view.
She is wielding a trident.
The hobgoblin shouts!
You smack the goblin!
You kill the goblin!
Robin roars a battlecry!
The goblins go into a battle-frenzy!
The rat bites you but does no damage.
You closely miss the rat. The rat barely misses you.
A goblin comes into view. It is wielding a club.
You smack the rat!
You kill the rat!
You have reached level 3!
Your experience leads to an increase in your attributes!
Increase (S)trength, (I)ntelligence, or (D)exterity?
You feel clever. The goblin barely misses you.
You hit the adder.
The adder is lightly wounded.
The goblin hits you but does no damage. The adder bites you but does no damage.
A goblin comes into view. It is wielding a club.
You smack the adder!
The adder is almost dead.
The adder bites you but does no damage. The goblin hits you but does no damage.
You barely miss the adder.
The adder is almost dead.
The adder bites you but does no damage. The goblin hits you but does no damage.
You hit the adder.
You kill the adder!
Your Spellcasting skill increases to level 5!
The goblin hits you but does no damage.
A goblin comes into view. It is wielding a club.
You smack the goblin!
You kill the goblin!
You hit the hobgoblin.
The hobgoblin is severely wounded.
The hobgoblin hits you but does no damage.
Robin hits you but does no damage.
A worm comes into view.
You hit the hobgoblin.
You kill the hobgoblin!
Robin hits you but does no damage.
Wear which item? (? for menu, Esc to quit)
Keep equipping yourself?
Robin hits you but does no damage.
You start putting on your armour.
You continue putting on your shield.
Robin hits you but does no damage.
You continue putting on your shield.
Sigmund shouts!
You continue putting on your shield.
The worm barely misses you. Robin hits you but does no damage.
You continue putting on your shield.
Sigmund hits you but does no damage.
You finish putting on your +0 shield.
Unknown command.
You hit the worm but do no damage. You block the worm's attack.
You block Sigmund's attack.
You hit the worm.
The worm is lightly wounded.
The goblin no longer looks unusually strong.
Are you sure you want to abandon this character and quit the game? (Confirm with "yes".)

#.## #..#
...###############..#
..).................#
##.###############..#
### #.# #..#####....
#.# #.........o. #.#
#..o.......# #.#
#########..#####..##
#.# ..gggg)♣w@.# .
#.# ##########.# #.#
#.# #.# #.# #.# #.#
##.# ... ...# ..r..
######## #......
.......g ........


You could see Sigmund, a worm, Robin, an orc and 3 goblins.

Vanquished Creatures
  2 adders (D:3)
  2 leopard geckos (D:2)
  3 goblins (D:3)
  4 hobgoblins
  A ball python (D:3)
  A frilled lizard (D:3)
  2 kobolds
  A rat (D:3)
16 creatures vanquished.

Notes
Turn   | Place    | Note
-------+----------+-------------------------------------------
     0 | D:1      | tidbits the Gnoll Necromancer began the quest for the Orb.
     0 | D:1      | Reached XP level 1. HP: 13/13 MP: 6/6
    89 | D:3      | Reached XP level 2. HP: 14/19 MP: 5/7
   191 | D:3      | Noticed Robin
   193 | D:3      | Reached XP level 3. HP: 12/25 MP: 2/9
   197 | D:3      | Reached skill level 5 in Spellcasting
   203 | D:3      | Noticed Sigmund
   208 | D:3      | Quit the game

Skill      XL: |  1  2  3 |
---------------+----------+-----
Spellcasting   | 5 |  5.0
Fighting       | |  0.7
Short Blades   | |  0.7
Long Blades    | |  0.7
Axes           | |  0.7
Maces & Flails | |  0.7
Polearms       | |  0.7
Staves         | |  0.7
Slings         | |  0.7
Bows           | |  0.7
Crossbows      | |  0.7
Throwing       | |  0.7
Armour         | |  0.7
Dodging        | |  4.5
Stealth        | |  4.1
Shields        | |  0.7
Unarmed Combat | |  0.7
Conjurations   | |  0.5
Hexes          | |  0.5
Charms         | |  0.5
Summonings     | |  0.5
Necromancy     | |  7.1
Translocations | |  0.5
Transmutations | |  0.5
Fire Magic     | |  0.5
Ice Magic      | |  0.5
Air Magic      | |  0.5
Earth Magic    | |  0.5
Poison Magic   | |  0.5
Invocations    | |  0.9
Evocations     | |  0.7

Action                   || total
-------------------------++-------
Melee: Unarmed           ||    15
 Cast: Pain              ||    21
  Use: Potion            ||     2
Armor: Skin              ||    17
Dodge: Dodged            ||     3
Block: Shield            ||     2

Table legend:
 A = Turns spent in this place as a percentage of turns spent in the entire game.
 B = Non-inter-level travel turns spent in this place as a percentage of non-inter-level travel turns spent in the entire game.
 C = Inter-level travel turns spent in this place as a percentage of turns spent in this place.
 D = Turns resting spent in this place as a percentage of non-inter-level travel turns spent in this place.
 E = Turns spent auto-exploring this place as a percentage of non-inter-level travel turns spent in this place.
 F = Non-inter-level travel turns spent in this place divided by the number of levels of this place that you've seen.
                   A       B       C       D       E      F
               +-------+-------+-------+-------+-------+----------------------
         Total | 100.0 | 100.0 |   0.0 |   0.0 |   0.0 |  69.3
       Dungeon | 100.0 | 100.0 |   0.0 |   0.0 |   0.0 |  69.3
               +-------+-------+-------+-------+-------+----------------------

Table legend:
 A = Kills in this place as a percentage of kills in entire the game.
 B = Kills by you in this place as a percentage of kills by you in the entire game.
 C = Kills by friends in this place as a percentage of kills by friends in the entire game.
 D = Other kills in this place as a percentage of other kills in the entire game.
 E = Experience gained in this place as a percentage of experience gained in the entire game.
 F = Experience gained in this place divided by the number of levels of this place that you have seen.
                   A       B       C       D       E      F
               +-------+-------+-------+-------+-------+----------------------
         Total | 100.0 | 100.0 |   N/A |   N/A | 100.0 |  17.0
       Dungeon | 100.0 | 100.0 |   N/A |   N/A | 100.0 |  17.0
               +-------+-------+-------+-------+-------+----------------------

Vault maps used:
D:1:      roderic_crossed_star
D:2:      grunt_temple_overflow_open, minivault_4,
          nemelex_xobeh_ov_fountains_minmay
D:3:      uniq_terence, uniq_sigmund, uniq_robin
